 Dungeon Crawl Stone Soup version 0.28.0 (webtiles) character file.

Game seed: 7998160461773884406

107 mortz the Firebug (level 4, -3/34 HPs)
             Began as a Draconian Fire Elementalist on Feb 17, 2022.
             Slain by a gnoll (13 damage)
             ... on level 2 of the Dungeon.
             The game lasted 00:15:02 (1673 turns).

mortz the Firebug (Draconian Fire Elementalist)     Turns: 1673, Time: 00:15:03

Health: -3/34      AC:  5    Str: 11    XL:     4   Next: 57%
Magic:  4/8        EV: 12    Int: 17    God:
Gold:   71         SH:  0    Dex: 11    Spells: 7/8 levels left

rFire   . . .      SeeInvis .   a - +4 dagger
rCold   . . .      Faith    .   (no shield)
rNeg    . . .      Spirit   .   (armour unavailable)
rPois   .          Reflect  .   (helmet restricted)
rElec   .          Harm     .   (no cloak)
rCorr   .          Rampage  .   (no gloves)
Will    .....                   (no boots)
Stlth   ++........              (no amulet)
HPRegen 0.11/turn               (no ring)
MPRegen 0.11/turn               (no ring)

@: no status effects
A: AC +5, unfitting armour, cold-blooded
a: no special abilities


You were on level 2 of the Dungeon.
You visited 1 branch of the dungeon, and saw 2 of its levels.

You collected 71 gold pieces.

Inventory:

Hand Weapons
 a - a +4 dagger (weapon)
Scrolls
 b - a scroll of immolation
 c - 3 scrolls of enchant armour {unknown}
 e - a scroll of noise {unknown}
 f - a scroll of identify {unknown}
 g - a scroll of amnesia {unknown}
 h - a scroll of teleportation {unknown}
Potions
 d - a potion of might {unknown}
 i - a potion of invisibility {unknown}


   Skills:
 + Level 0.3 Fighting
 * Level 1.7 Short Blades
 + Level 2.0 Dodging
 + Level 2.1 Stealth
 + Level 2.6 Spellcasting
 + Level 2.2 Conjurations
 + Level 3.5 Fire Magic


You had 7 spell levels left.
You knew the following spells:

 Your Spells              Type           Power      Damage    Failure   Level
a - Foxfire               Conj/Fire      48%        2x1d6     5%          1

Your spell library contained the following spells:

 Spells                   Type           Power      Damage    Failure   Level
 Scorch                   Fire           28%        2d6       6%          2
 Conjure Flame            Conj/Fire      12%        6-21      17%         3
 Inner Flame              Hex/Fire       8%         N/A       26%         3
 Flame Wave               Conj/Fire      12%        2d6       50%         4


Dungeon Overview and Level Annotations

Branches:
Dungeon (2/15)

Altars:


Innate Abilities, Weirdness & Mutations

Your plain brown scales are hard. (AC +5)
You cannot fit into any form of body armour.
You are cold-blooded and may be slowed by cold attacks.


Message History

The gnoll is severely wounded.
Casting: Foxfire (safe; 6% risk of failure)
Press: ? - help, Q - select action Dir - look around, f - activate You conjure some foxfire!
The gnoll hits you with a +0 club!
A gnoll comes into view. It is wielding a +0 club.
You barely miss the gnoll.
The gnoll is severely wounded.
The foxfire hits the gnoll.
The gnoll is severely wounded.
The foxfire hits the gnoll.
The gnoll is almost dead.
The gnoll closely misses you. The gnoll barely misses you.
You hit the gnoll.
You kill the gnoll!
Casting: Foxfire (safe; 5% risk of failure)
Press: ? - help, Q - select action Dir - look around, f - activate You conjure some foxfire!
The gnoll hits you from afar with a +0 spear.
The foxfire hits the gnoll.
The gnoll is lightly wounded.
The foxfire hits the gnoll.
The gnoll is heavily wounded.
The gnoll misses you.
You hit the gnoll.
The gnoll is moderately wounded.
The gnoll hits you from afar with a +0 spear.
Casting: Foxfire (safe; 5% risk of failure)
Press: ? - help, Q - select action Dir - look around, f - activate You conjure some foxfire!
The gnoll hits you from afar with a +0 spear.
The gnoll hits you with a +0 flail.
* * * LOW HITPOINT WARNING * * *
The foxfire hits the gnoll.
The gnoll is lightly wounded.
The foxfire hits the gnoll.
The gnoll is heavily wounded.
The gnoll closely misses you. x2
The gnoll hits you with a +0 flail!
You die...

.....................##.#..#
...#.#.######..............#
....†#.# #.##.#....#.##.#
.......# #.##.#.#.......#
#.#....# #.##.#.#....####
..#....######.##.#......#
#.............# .......#
..............####.)....##
#.#.............@gg.......
..#..........######.###.#.
####.#.......# .# #
#.#.......# .# # #.#.......#
.# # #.........# .#
######.......# .#
.............# .#
#####.#####.#####


You could see 2 gnolls.

Vanquished Creatures
  An iguana (D:2)
  An adder (D:2)
  A gnoll (D:2)
  3 dart slugs
  3 bats
  5 endoplasms (D:1)
  A giant cockroach (D:2)
  6 goblins
  7 hobgoblins
  4 jackals (D:1)
  2 quokkas (D:1)
  7 ball pythons
  3 frilled lizards (D:1)
  6 kobolds
  3 rats
53 creatures vanquished.

Vanquished Creatures (others)
  116 foxfires
  11 plants (D:2)
127 creatures vanquished.

Grand Total: 180 creatures vanquished

Notes
Turn   | Place    | Note
-------+----------+-------------------------------------------
     0 | D:1      | mortz the Draconian Fire Elementalist began the quest for
                  | the Orb.
     0 | D:1      | Reached XP level 1. HP: 14/14 MP: 3/3
   203 | D:1      | Reached XP level 2. HP: 20/20 MP: 0/5
   446 | D:1      | Found a faded altar of an unknown god.
   575 | D:1      | Reached XP level 3. HP: 26/26 MP: 3/6
   895 | D:1      | Reached skill level 1 in Short Blades
  1425 | D:2      | Reached XP level 4. HP: 29/33 MP: 5/7
  1673 | D:2      | Slain by a gnoll

Illustrated notes

Levels and vault maps discovered:
D:1:      wander_arrival_estate, layout_loops_ring,
          hellmonk_ecumenical_altar_blasted, minmay_misc_feat_columns
D:2:      layout_basic, nicolae_grassy_gnolls

Skill      XL: |  1  2  3 |
---------------+----------+-----
Stealth        | 2 |  2.1
Dodging        | 2 |  2.0
Short Blades   | 1 |  1.7
Conjurations   | 2 |  2.2
Fighting       | |  0.3
Spellcasting   | |  2.6
Fire Magic     | |  3.5

Action                   |  1- 3 |  4- 6 || total
-------------------------+-------+-------++-------
Melee: Unarmed           |     6 |       ||     6
       Dagger            |    28 |     6 ||    34
       Tailslap          |     1 |       ||     1
       Punch             |     1 |       ||     1
 Cast: Foxfire           |    58 |     9 ||    67
Armor: Skin              |    10 |     1 ||    11
Dodge: Dodged            |    10 |     5 ||    15
